 Dungeon Crawl Stone Soup version 0.28-a0-998-gb9e9c7b67e (webtiles) character file.

Game seed: 12678541696347352204

2993 oldriver the Thaumaturge (level 9, -5/74 HPs)
             Began as a Yellow Draconian Conjurer on Dec 5, 2021.
             Was a Believer of Vehumet.
             Slain by an orc warrior (25 damage)
             ... on level 6 of the Dungeon.
             The game lasted 00:15:20 (9127 turns).

oldriver the Thaumaturge (DrCj)                     Turns: 9127, Time: 00:15:21

Health: -5/74      AC: 11    Str:  9    XL:     9   Next: 54%
Magic:  8/20       EV: 13    Int: 20    God:    Vehumet [**....]
Gold:   295        SH:  0    Dex: 11    Spells: 13/27 levels left

rFire   . . .      SeeInvis .   r - +7 falchion (protect)
rCold   . . .      Faith    .   (no shield)
rNeg    . . .      Spirit   .   (armour unavailable)
rPois   .          Reflect  .   (helmet restricted)
rElec   .          Harm     .   a - scarf {repulsion}
rCorr   +          Rampage  .   (no gloves)
Will    .....                   (no boots)
Stlth   ++........              s - amulet of regeneration
HPRegen 1.02/turn               l - +4 ring of protection
MPRegen 0.17/turn               (no ring)

@: very slightly contaminated, repel missiles
A: spit acid, AC +7, unfitting armour, cold-blooded, acid resistance, dopey 1,
low mp 1, robust 1
a: Breathe Acid, Renounce Religion


You were on level 6 of the Dungeon.
You worshipped Vehumet.
Vehumet was pleased with you.
You visited 2 branches of the dungeon, and saw 8 of its levels.
You also visited: Ossuary.

You collected 295 gold pieces.

Inventory:

Hand Weapons
 r - a +7 falchion of protection (weapon)
Armour
 a - a scarf of repulsion (worn)
Jewellery
 f - a +6 ring of dexterity
 l - a +4 ring of protection (left hand)
 s - an amulet of regeneration (around neck)
Wands
 c - a wand of acid (3)
 o - a wand of polymorph (7)
Scrolls
 d - a scroll of amnesia
 e - 2 scrolls of identify
 h - 2 scrolls of vulnerability
 j - 2 scrolls of teleportation
 p - a scroll of torment
Potions
 b - 3 potions of might
 g - 2 potions of curing
 i - 2 potions of resistance
 k - 2 potions of flight {unknown}
 m - a potion of heal wounds
 n - a potion of mutation
 q - 3 potions of attraction {unknown}
 t - a potion of cancellation
 u - a potion of brilliance
 v - a potion of haste {unknown}


   Skills:
 + Level 2.7 Fighting
 - Level 0.1(1.9) Short Blades
 + Level 3.1 Long Blades
 + Level 3.8 Dodging
 + Level 2.9 Stealth
 - Level 1.0 Unarmed Combat
 * Level 9.6 Spellcasting
 + Level 7.0 Conjurations


You had 13 spell levels left.
You knew the following spells:

 Your Spells              Type           Power      Damage    Failure   Level
a - Magic Dart            Conj           100%       1d8       1%          1
b - Searing Ray           Conj           74%        2d7       1%          2
c - Iskenderun's Mystic   Conj/Tloc      23%        2d6       17%         4
d - Fulminant Prism       Conj/Hex       11%        3d9       17%         4
e - Dazzling Flash        Conj/Hex       46%        N/A       5%          3

Your spell library contained the following spells:

 Spells                   Type           Power      Damage    Failure   Level
 Static Discharge         Conj/Air       23%        N/A       2%          2


Dungeon Overview and Level Annotations

Branches:
Dungeon (7/15)             Temple (1/1) D:6         Ossuary (visited)

Altars:
Dithmenos
Elyvilon
Fedhas
Hepliaklqana
Kikubaaqudgha
Nemelex Xobeh
Okawaru
Sif Muna
Vehumet
Wu Jian

Shops:
D:6 !

Annotations:
D:7 Pikel


Innate Abilities, Weirdness & Mutations

You can spit globs of acid.
Your golden yellow scales are hard. (AC +7)
You cannot fit into any form of body armour.
You are cold-blooded and may be slowed by cold attacks.
You are resistant to acid. (rCorr)
You are dopey. (Int -2)
Your magical capacity is low. (-10% MP)
You are robust. (+10% HP)


Message History

(Press . to maintain the ray.)
The troll shouts!
The searing ray misses the orc warrior.
The orc warrior misses you.
The orc warrior hits you with a +0 morningstar!!
You climb upwards.
There is a stone staircase leading down here.
Casting: Searing Ray (safe; 1% risk of failure)
Confirm with . or Enter, or press ? or * to list all spells.
Aiming: Searing Ray (safe; 1% risk of failure)
Press: ? - help, Shift-Dir - straight line, f - orc warrior
Aim: an orc warrior, wielding a +0 morningstar, wearing a +0 plate armour and quivering boomerangs (lightly wounded, berserk, 81% to hit)
The searing ray hits the orc warrior.
The orc warrior is lightly wounded. (Press . to maintain the ray.)
The orc warrior closely misses you. x2
The searing ray misses the orc warrior.
The orc warrior misses you. The orc warrior completely misses you.
The orc warrior hits you with a +0 morningstar!
The orc warrior hits you with a +0 morningstar.
The orc warrior completely misses you.
The orc warrior rages.
The orc warrior hits you with a +0 morningstar!!
The orc warrior closely misses you. The orc warrior barely misses you.
Casting: Searing Ray (safe; 1% risk of failure)
Confirm with . or Enter, or press ? or * to list all spells.
Okay, then.
Casting: Searing Ray (safe; 1% risk of failure)
Confirm with . or Enter, or press ? or * to list all spells.
You miscast Iskenderun's Mystic Blast.
You are very lightly contaminated with residual magic.
Nothing appears to happen.
The orc warrior hits you with a +0 morningstar!
* * * LOW HITPOINT WARNING * * *
The orc warrior barely misses you.
Casting: Iskenderun's Mystic Blast (dangerous; 17% risk of failure)
Confirm with . or Enter, or press ? or * to list all spells.
You miscast Iskenderun's Mystic Blast.
Nothing appears to happen.
The orc warrior hits you with a +0 morningstar!!
You die...

#.### #.#
#.############
#.#..........#
....########.########
....# #...........#
....# #.#..###.##.#
#.### #.#..# #.##.#
#.# #.#..###@##.# #.#
#.#.....o##.# #'##
#.#.###..##.# ...##
#.#.# #..##<# ....##
#.#.###..##.# .....##
#...........#
......####...##.#####
......'.......#.#
......####...##.#


You could see an orc warrior (berserk).

Vanquished Creatures
  Prince Ribbit (D:7)
  Sigmund (D:4)
  Eustachio (D:4)
  A water moccasin (D:7)
  An orc warrior (D:7)
  A black bear (D:4)
  A sky beast (D:6)
  2 ice beasts
  2 ogres (D:5)
  3 lemures (D:7)
  A phantom (D:3)
  Blork the orc (D:4)
  A kobold brigand (D:7)
  2 elf skeletons (D:7)
  A wyvern zombie (D:7)
  2 water moccasin zombies (Ossuary)
  A howler monkey (D:6)
  4 centaur zombies (Ossuary)
  3 bullfrog zombies
  A jelly (D:6)
  A gnoll shaman (D:7)
  An orc priest (D:7)
  2 bullfrog skeletons (D:5)
  3 hounds
  A human skeleton (D:7)
  4 iguanas
  3 killer bee zombies (Ossuary)
  4 howler monkey zombies (Ossuary)
  15 mummies (Ossuary)
  Robin (D:4)
  5 adders
  9 gnolls
  2 white imps
  3 worms
  A dart slug (D:1)
  13 orcs
  6 ball pythons
  4 endoplasms
  4 giant cockroaches
  14 goblins
  7 hobgoblins
  4 jackals
  2 quokkas
  2 bats
  3 frilled lizards
  13 kobolds
  3 orc skeletons (D:7)
  3 rats
164 creatures vanquished.

Vanquished Creatures (others)
  8 plants (D:1)
  7 withered plants (Ossuary)
15 creatures vanquished.

Grand Total: 179 creatures vanquished

Notes
Turn   | Place    | Note
-------+----------+-------------------------------------------
     0 | D:1      | oldriver the Draconian Conjurer began the quest for the
                  | Orb.
     0 | D:1      | Reached XP level 1. HP: 14/14 MP: 3/3
   226 | D:1      | Reached XP level 2. HP: 20/20 MP: 0/5
   733 | D:1      | Reached skill level 3 in Spellcasting
  1438 | D:2      | Gained mutation: You are dopey. (Int -2) [potion of
                  | mutation]
  1438 | D:2      | Gained mutation: You are robust. (+10% HP) [potion of
                  | mutation]
  1438 | D:2      | Gained mutation: Your magical capacity is low. (-10% MP)
                  | [potion of mutation]
  1442 | D:2      | Reached XP level 3. HP: 11/28 MP: 1/7
  1990 | D:2      | Learned a level 2 spell: Searing Ray
  2074 | D:2      | Reached skill level 4 in Spellcasting
  2074 | D:2      | Reached XP level 4. HP: 36/36 MP: 6/9
  2538 | D:3      | Noticed a phantom
  2856 | D:2      | Found a blossoming altar of Fedhas.
  2974 | D:3      | Found a faded altar of an unknown god.
  3000 | D:3      | Killed a phantom
  3001 | D:3      | Reached skill level 5 in Spellcasting
  3001 | D:3      | Reached XP level 5. HP: 37/42 MP: 9/11
  3281 | D:4      | Noticed Blork the orc
  3301 | D:4      | Killed Blork the orc
  3302 | D:4      | Reached skill level 1 in Unarmed Combat
  3607 | D:4      | Noticed Eustachio
  3607 | D:4      | Noticed Robin
  3792 | D:4      | Noticed Sigmund
  3813 | D:4      | Killed Sigmund
  3814 | D:4      | Reached skill level 1 in Fighting
  3814 | D:4      | Reached skill level 6 in Spellcasting
  3814 | D:4      | Reached XP level 6. HP: 16/51 MP: 0/13
  4108 | D:4      | Your scales start taking on a golden yellow colour.
  4108 | D:4      | Reached XP level 7. HP: 48/57 MP: 5/15
  4108 | D:4      | Gained mutation: You are resistant to acid. (rCorr) [Yellow
                  | Draconian growth]
  4565 | D:4      | Killed Robin
  4791 | D:4      | Killed Eustachio
  5017 | D:5      | Entered Level 5 of the Dungeon
  5037 | D:5      | Reached skill level 7 in Spellcasting
  5439 | D:5      | Reached XP level 8. HP: 49/64 MP: 0/17
  5593 | D:5      | Reached skill level 5 in Conjurations
  6037 | D:5      | Found a blossoming altar of Fedhas.
  6037 | D:5      | Found a shimmering blue altar of Sif Muna.
  6429 | D:6      | Found Narrizu's Distillery.
  6474 | D:6      | Reached skill level 8 in Spellcasting
  7060 | D:6      | Found a shadowy altar of Dithmenos.
  7261 | D:6      | Found a staircase to the Ecumenical Temple.
  7313 | Temple   | Entered the Ecumenical Temple
  7327 | Temple   | Became a worshipper of Vehumet
  7469 | D:7      | Noticed a boulder beetle
  7486 | D:7      | Noticed Prince Ribbit
  7502 | D:7      | Reached skill level 1 in Long Blades
  7522 | D:7      | Noticed Pikel
  7606 | D:7      | Found a sand-covered staircase.
  7617 | D:7      | Reached * piety under Vehumet
  7617 | D:7      | Offered knowledge of Freeze by Vehumet.
  7621 | Ossuary  | Entered an ossuary
  7672 | Ossuary  | Reached XP level 9. HP: 74/74 MP: 7/19
  7939 | Ossuary  | Reached skill level 9 in Spellcasting
  8485 | Ossuary  | Reached ** piety under Vehumet
  8485 | Ossuary  | Offered knowledge of Static Discharge by Vehumet.
  8901 | D:7      | Identified the +1 robe of the Spheres {Dex+3}
  8922 | D:7      | Killed Prince Ribbit
  8994 | D:6      | Learned a level 4 spell: Iskenderun's Mystic Blast
  8999 | D:6      | Learned a level 4 spell: Fulminant Prism
  9003 | D:6      | Learned a level 3 spell: Dazzling Flash
  9105 | D:7      | Noticed a troll
  9127 | D:6      | Slain by an orc warrior

Illustrated notes

Levels and vault maps discovered:
D:1:      roderic_crop_circles_arrival_small, layout_rooms, serial_rivers,
          chequers_serial_rivers_large_a, chequers_serial_rivers_micro_e,
          chequers_serial_rivers_small_b, chequers_serial_rivers_micro_e,
          chequers_serial_rivers_large_b, chequers_serial_rivers_small_3
D:2:      layout_basic, basic_altar
D:3:      layout_rooms, hellmonk_ecumenical_altar_run_dry
D:4:      layout_basic, uniq_sigmund, uniq_blork_the_orc, uniq_eustachio,
          uniq_robin
D:5:      layout_gridville, mainiacjoe_overflow_large_starburst,
          grunt_ministairs_13, eino_small_chamber_without_monster
D:6:      layout_loops_corners, mainiacjoe_overflow_six_doors_small,
          minmay_temple_entry_stoned_glass, serial_shops, nicolae_shop_crystal
D:7:      layout_rooms, grunt_temple_overflow_champion_of_chaos,
          nicolae_ru_great_annihilating_truth, nicolae_ossuary_entry_catacombs,
          uniq_pikel, uniq_prince_ribbit1
Temple:   zaba_magenta_temple

Skill      XL: |  1  2  3  4  5  6  7  8  9 |
---------------+----------------------------+-----
Spellcasting   | 3 4 5 6 7 8 9 |  9.6
Unarmed Combat | 1 |  1.0
Fighting       | 1 2 |  2.7
Stealth        | 2 |  2.9
Dodging        | 2 3 |  3.8
Conjurations   | 6 7 |  7.0
Long Blades    | 2 3 |  3.1
Short Blades   | |  0.1

Action                   |  1- 3 |  4- 6 |  7- 9 || total
-------------------------+-------+-------+-------++-------
Melee: Unarmed           |    26 |       |       ||    26
       Tailslap          |     3 |     1 |    13 ||    17
       Dagger            |       |    12 |    22 ||    34
       Falchion          |       |       |   120 ||   120
       Punch             |       |       |     1 ||     1
 Cast: Magic Dart        |    76 |    89 |   173 ||   338
       Searing Ray       |       |     6 |    53 ||    59
 Abil: Breathe Acid      |       |       |     3 ||     3
  Use: Potion            |     5 |     2 |     7 ||    14
       Scroll            |       |       |    12 ||    12
 Stab: Invisible         |     1 |       |       ||     1
Armor: Skin              |    38 |    14 |   131 ||   183
Dodge: Dodged            |    31 |    22 |   186 ||   239

Table legend: (Time is in decaauts)
 A = Elapsed time spent in this place.
 B = Non-inter-level travel time spent in this place.
 C = Inter-level travel time spent in this place.
 D = Time resting spent in this place.
 E = Time spent auto-exploring this place.
 F = Levels seen in this place.
 G = Mean time per level.
                   A        B        C        D        E       F      G
               +--------+--------+--------+--------+--------+-----+--------+
         Total |   9231 |   8818 |    413 |   2154 |   5077 |   9 | 1025.7 |
       Dungeon |   8011 |   7599 |    412 |   1678 |   4674 |   7 | 1144.4 |
        Temple |     19 |     19 |      0 |      0 |      6 |   1 |   19.0 |
       Ossuary |   1200 |   1200 |      0 |    476 |    397 |   1 | 1200.0 |
               +--------+--------+--------+--------+--------+-----+--------+

Top non-repeatable levels by time:
     D:1: 1559 daAuts
     D:4: 1510 daAuts
     D:5: 1404 daAuts
 Ossuary: 1200 daAuts
     D:6: 1165 daAuts
     D:2: 1127 daAuts
     D:3: 866 daAuts
     D:7: 376 daAuts
  Temple: 19 daAuts
